[Event "Titled Tuesday Blitz May 9 Late 2023"]
[White "Mikhalsky, Vladimir"]
[Black "Nikologorskiy, Konstantin"]
[WhiteFideId "14144352"]
[BlackFideId "24111708"]
[WhiteElo "2236"]
[BlackElo "2273"]
[Result "1-0"]
[Round "07"]
[TimeControl "180+2"]
[Date "2023.05.09"]
[WhiteClock "0:00:34"]
[BlackClock "0:00:39"]

1. c4 e5 2. Nc3 Bb4 3. Nd5 Bc5 4. b4 Bf8 5. Rb1 c6 6. Nc3 d5 7. e3 Nf6 8. d4 exd4 9. Qxd4 Be7 10. Nf3 O-O 11. Be2 Be6 12. c5 Nbd7 13. O-O Bf5 14. Bd3 Bg4 15. Bb2 Re8 16. h3 Bh5 17. Ne2 Nf8 18. Nf4 Bg6 19. Bxg6 Nxg6 20. Nxg6 hxg6 21. Rbc1 Nh5 22. Rfd1 Bf6 23. Qd2 Bxb2 24. Qxb2 Nf6 25. b5 Ne4 26. Nd4 Qf6 27. Rc2 Re5 28. bxc6 bxc6 29. Nxc6 Rf5 30. Qxf6 Rxf6 31. Ne7+ Kf8 32. Nxd5 Rc8 33. Nxf6 gxf6 34. c6 f5 35. Rd7 Nf6 36. Rxa7 1-0


[Site "https://www.chess.com"]

[Event "Titled Tuesday Blitz May 9 Late 2023"]
[White "Liu, Casper"]
[Black "Janaszak, Dawid"]
[WhiteFideId "1454153"]
[BlackFideId "1119206"]
[WhiteElo "2221"]
[BlackElo "2220"]
[Result "0-1"]
[Round "07"]
[TimeControl "180+2"]
[Date "2023.05.09"]
[WhiteClock "0:00:00"]
[BlackClock "0:00:33"]

1. b3 c5 2. Bb2 d6 3. g3 Nc6 4. Bg2 h5 5. Nf3 e5 6. d3 Be7 7. e3 h4 8. d4 e4 9. Nfd2 d5 10. dxc5 Bf6 11. Qc1 Bg4 12. c4 Nb4 13. Bf1 Bxb2 14. Qxb2 Qf6 15. Nc3 hxg3 16. fxg3 Qg5 17. Kf2 O-O-O 18. a3 Qf5+ 19. Kg1 Nd3 20. Bxd3 exd3 21. cxd5 Nf6 22. Rf1 Qg5 23. Rf4 Rhe8 24. e4 Nh5 25. Rf2 f5 26. Nc4 fxe4 27. Nb5 e3 28. Ncd6+ Kb8 29. Rf7 Bc8 0-1


[Site "https://www.chess.com"]

[Event "Titled Tuesday Blitz May 9 Late 2023"]
[White "KorolDimitriy75"]
[Black "tufferguy"]
[WhiteElo "2463"]
[BlackElo "2562"]
[Result "0-1"]
[Round "07"]
[TimeControl "180+2"]
[Date "2023.05.09"]
[WhiteClock "0:00:00"]
[BlackClock "0:00:16"]

1. d4 Nf6 2. c4 e5 3. dxe5 Ng4 4. Bf4 Nc6 5. Nf3 Bb4+ 6. Nbd2 Qe7 7. e3 Ngxe5 8. Nxe5 Nxe5 9. Be2 d6 10. O-O O-O 11. Nb3 Ng6 12. Bg3 Be6 13. a3 Bc5 14. Nxc5 dxc5 15. Qc2 Rfd8 16. Rfd1 f6 17. Bf3 c6 18. b3 Bf7 19. Qe4 Qxe4 20. Bxe4 Ne5 21. Kf1 Bg6 22. Bxg6 hxg6 23. Bxe5 fxe5 24. Ke2 b5 25. Rxd8+ Rxd8 26. Rd1 Rb8 27. Rd6 bxc4 28. bxc4 Rb2+ 29. Kf3 Rc2 30. Rxg6 Rxc4 31. Rxc6 e4+ 32. Kg3 a5 33. h4 Kf7 34. h5 Rc3 35. a4 c4 36. Rc5 Rc1 37. Rxa5 c3 38. Rc5 Ke7 39. Rc4 Kd6 40. Rxe4 Kc5 41. Re8 c2 42. Rc8+ Kb4 43. e4 Kxa4 44. f4 Kb3 45. Rb8+ Kc3 46. Rc8+ Kd3 47. e5 Re1 48. Kg4 c1=Q 49. Rxc1 Rxc1 50. Kg5 Ke4 51. g4 Rc6 0-1


[Site "https://www.chess.com"]

[Event "Titled Tuesday Blitz May 9 Late 2023"]
[White "marik_spb"]
[Black "Adewumi, Tanitoluwa"]
[BlackFideId "30966396"]
[WhiteElo "2456"]
[BlackElo "2556"]
[Result "0-1"]
[Round "07"]
[TimeControl "180+2"]
[Date "2023.05.09"]
[WhiteClock "0:00:05"]
[BlackClock "0:00:04"]

1. d4 Nf6 2. c4 e6 3. g3 d5 4. Bg2 Bb4+ 5. Bd2 Bd6 6. Nc3 c6 7. Nf3 O-O 8. O-O Nbd7 9. b3 Re8 10. Qc2 b6 11. e4 dxe4 12. Nxe4 Nxe4 13. Qxe4 Bb7 14. Bf4 Nf6 15. Qe3 Bxf4 16. Qxf4 c5 17. Rad1 cxd4 18. Rxd4 Qe7 19. Qd6 e5 20. Qxe7 Rxe7 21. Rd6 Ne4 22. Rd3 f6 23. Rfd1 Nc5 24. Rd8+ Rxd8 25. Rxd8+ Kf7 26. b4 Ne6 27. Rd6 Rc7 28. h4 Ke7 29. c5 bxc5 30. bxc5 Rxc5 31. Rd1 Bxf3 32. Bxf3 Nd4 33. Be4 f5 34. Bd3 e4 35. Bxe4 Ne2+ 36. Kf1 Nc3 37. Bf3 Nxd1 38. Bxd1 Rc1 39. Ke2 a5 40. Bb3 Ra1 41. Kf3 Kf6 42. Ke3 h6 43. Kf3 g5 44. hxg5+ hxg5 45. Ke3 Ke5 46. Kf3 g4+ 47. Ke3 a4 48. Bxa4 Rxa2 49. Bc6 Ra3+ 50. Ke2 Kd4 51. Kf1 Ke5 52. Ke2 f4 53. gxf4+ Kxf4 54. Bb7 Ra2+ 55. Kf1 Ra1+ 56. Ke2 Ra7 57. Bc6 Rh7 58. Bd5 Rh2 59. Kf1 Rh3 60. Kg2 Rd3 61. Bc6 Rd2 62. Kf1 Rc2 63. Bd5 Rc5 64. Bb7 Rc1+ 65. Ke2 Rb1 66. Bc6 Rb6 67. Bd5 Ke5 68. Bg2 Rb2+ 69. Ke3 Rb3+ 70. Ke2 Kd4 71. Bc6 Rh3 72. Bb7 Rh2 73. Kf1 Ke5 74. Kg1 Rh7 75. Kg2 Rxb7 76. Kg3 Kf5 77. Kh4 Rb3 78. f3 Rxf3 79. Kh5 Rh3# 0-1


[Site "https://www.chess.com"]

[Event "Titled Tuesday Blitz May 9 Late 2023"]
[White "Jimenez Almeida, Luis David"]
[Black "Erzhanov, Arman"]
[WhiteFideId "22242244"]
[BlackFideId "4138821"]
[WhiteElo "2245"]
[BlackElo "2138"]
[Result "0-1"]
[Round "07"]
[TimeControl "180+2"]
[Date "2023.05.09"]
[WhiteClock "0:00:00"]
[BlackClock "0:00:27"]

1. e4 d6 2. d4 Nf6 3. f3 d5 4. e5 Nfd7 5. f4 c5 6. c3 Nc6 7. Nf3 cxd4 8. cxd4 Nb6 9. Nc3 Bf5 10. Bd3 Bxd3 11. Qxd3 e6 12. O-O Be7 13. f5 exf5 14. Qxf5 Qd7 15. Qd3 O-O 16. Bg5 h6 17. Bf4 Rac8 18. Rae1 Nd8 19. Bg3 Qg4 20. Nb5 a6 21. Nd6 Rc6 22. Nf5 Re8 23. Rc1 Bf8 24. b3 Ba3 25. Rxc6 Nxc6 26. Re1 Bb2 27. h3 Qg6 28. Kh2 Nd7 29. N3h4 Qh7 30. Nf3 Nf8 31. Qb1 Ba3 32. Rf1 Ne6 33. Bf2 Bb4 34. g4 Ba5 35. Rd1 Bc7 36. Bg3 Bb6 37. Qb2 Rd8 38. Qg2 Qg6 39. N3h4 Qh7 40. Nf3 Rc8 41. Rc1 Kf8 42. Nd6 Rc7 43. Nxb7 Rxb7 44. Rxc6 Qe4 45. Rc8+ Ke7 46. Bh4+ g5 47. Bf2 Nxd4 48. Nxd4 Qxe5+ 49. Qg3 Bxd4 50. Bxd4 Qxd4 51. Rc7+ Rxc7 52. Qxc7+ Kf8 53. Qd6+ Kg7 54. Qxa6 Qf2+ 55. Kh1 Qf3+ 56. Kh2 Qf2+ 57. Kh1 Qg3 58. Qf1 d4 59. Qg2 Qe3 60. Qg1 Qe4+ 61. Qg2 Qe3 62. Kh2 d3 63. Qg3 Qxg3+ 0-1


[Site "https://www.chess.com"]

[Event "Titled Tuesday Blitz May 9 Late 2023"]
[White "Altman, Joshua"]
[Black "Rios Escobar, Adan"]
[WhiteFideId "426210"]
[BlackFideId "3403645"]
[WhiteElo "2028"]
[BlackElo "2443"]
[Result "1-0"]
[Round "07"]
[TimeControl "180+2"]
[Date "2023.05.09"]
[WhiteClock "0:00:59"]
[BlackClock "0:00:06"]

1. d4 Nf6 2. c4 g6 3. Nc3 Bg7 4. Nf3 O-O 5. Bg5 c5 6. e3 cxd4 7. Nxd4 Nc6 8. Be2 d6 9. O-O a6 10. Rc1 Rb8 11. Bf3 Bd7 12. b3 Nxd4 13. exd4 b5 14. c5 b4 15. Bxf6 exf6 16. Nd5 dxc5 17. dxc5 f5 18. c6 Bxc6 19. Rxc6 a5 20. g3 a4 21. bxa4 Qa5 22. Qb3 Rfd8 23. Ne7+ Kf8 24. Nd5 Rd7 25. Rfc1 Rbd8 26. Qxb4+ Qxb4 27. Nxb4 Ra7 28. Ra6 Rxa6 29. Nxa6 Rd4 30. Nc5 Rd2 31. Rd1 Rxa2 32. Rd7 Bc3 33. Rxf7+ Ke8 34. Bc6+ Kd8 35. Nb7+ Kc8 36. Nd6+ Kb8 37. Rb7+ Ka8 38. Rb2+ Ka7 39. Rxa2 Kb6 40. Bb5 h5 41. Nc4+ Ka7 42. a5 h4 43. a6 h3 44. Re2 g5 45. Re7+ Kb8 46. a7+ Kc8 47. a8=Q# 1-0


[Site "https://www.chess.com"]

[Event "Titled Tuesday Blitz May 9 Late 2023"]
[White "Sreyas Payyappat"]
[Black "Golubev, Mikhail"]
[WhiteFideId "46674969"]
[BlackFideId "14100983"]
[WhiteElo "2043"]
[BlackElo "2374"]
[Result "1-0"]
[Round "07"]
[TimeControl "180+2"]
[Date "2023.05.09"]
[WhiteClock "0:00:41"]
[BlackClock "0:00:00"]

1. e4 c5 2. Nf3 d6 3. d4 cxd4 4. Nxd4 Nf6 5. Nc3 g6 6. f4 Nc6 7. Be3 Bg7 8. Be2 O-O 9. Qd3 Bd7 10. O-O Rc8 11. Rad1 Ng4 12. Bxg4 Bxg4 13. Rd2 a6 14. Nd5 e6 15. Nxc6 Rxc6 16. Nb4 Rb6 17. c3 a5 18. h3 axb4 19. Bxb6 Qxb6+ 20. Kh1 bxc3 21. bxc3 Bh5 22. g4 Rc8 23. Rc2 Qa5 24. gxh5 Qxh5 25. Qf3 Qb5 26. Rfc1 f5 27. Re1 Qc6 28. Kg2 d5 29. exf5 gxf5 30. Kh2 Re8 31. Rg2 Kh8 32. Reg1 Re7 33. Qe3 h6 34. Rg6 Kh7 35. Qg3 Qxc3 36. Rxh6+ 1-0


[Site "https://www.chess.com"]

[Event "Titled Tuesday Blitz May 9 Late 2023"]
[White "Papayan, Oleg"]
[Black "Ezat, Mohamed"]
[WhiteFideId "4193911"]
[BlackFideId "10600906"]
[WhiteElo "2171"]
[BlackElo "2386"]
[Result "0-1"]
[Round "07"]
[TimeControl "180+2"]
[Date "2023.05.09"]
[WhiteClock "0:00:15"]
[BlackClock "0:00:13"]

1. e4 c5 2. Nf3 Nc6 3. Bb5 e6 4. Bxc6 bxc6 5. d3 Ne7 6. h4 d6 7. h5 h6 8. e5 Nd5 9. Nc3 Ba6 10. Ne4 c4 11. dxc4 Bxc4 12. b3 Ba6 13. c4 dxe5 14. cxd5 cxd5 15. Nc3 Rc8 16. Bd2 d4 17. Ne4 Qd5 18. Qb1 f5 19. Ng3 e4 20. Nh4 Bd6 21. Nf1 O-O 22. Rh3 Qb5 23. Rd3 Qxd3 24. Qxd3 Bxd3 25. Ng6 Rfe8 26. Ng3 e3 27. Ba5 Rc2 28. f4 Rxg2 29. O-O-O Rc8+ 30. Bc3 Ba3# 0-1


[Site "https://www.chess.com"]

[Event "Titled Tuesday Blitz May 9 Late 2023"]
[White "FoxOnTheRun97"]
[Black "Balla, Tamas-Kristof"]
[BlackFideId "1208497"]
[WhiteElo "2520"]
[BlackElo "2334"]
[Result "1-0"]
[Round "07"]
[TimeControl "180+2"]
[Date "2023.05.09"]
[WhiteClock "0:00:02"]
[BlackClock "0:00:00"]

1. d4 Nf6 2. Bg5 Ne4 3. h4 c5 4. d5 Nxg5 5. hxg5 e6 6. dxe6 dxe6 7. Qxd8+ Kxd8 8. Nc3 a6 9. e3 Nc6 10. g6 fxg6 11. Nf3 Be7 12. Bd3 Bf6 13. Bxg6 Bxc3+ 14. bxc3 h6 15. Be4 Kc7 16. Bxc6 Kxc6 17. Ne5+ Kc7 18. f4 Bd7 19. g4 Bc6 20. Rh2 Rhd8 21. Rd1 Rxd1+ 22. Kxd1 Rd8+ 23. Kc1 Be4 24. c4 b5 25. Rh5 Kb6 26. g5 hxg5 27. Rxg5 Rh8 28. Nd7+ Kc6 29. Nxc5 Rh1+ 30. Kb2 Bf5 31. Nb3 bxc4 32. Nd4+ Kd6 33. Nxf5+ exf5 34. Rxf5 Re1 35. Re5 g5 36. Rxg5 Rxe3 37. Rg6+ Kc5 38. Rxa6 Rf3 39. f5 Kb5 40. Rf6 Kb4 41. a3+ Ka4 42. Rf8 c3+ 43. Ka2 Rf2 44. Ra8+ Kb5 45. Rb8+ Kc4 46. Rb4+ Kc5 47. Kb3 Rxf5 48. Kxc3 Rf3+ 49. Kb2 Kc6 50. a4 Kc5 51. Rb3 Rf4 52. Ka3 Rf1 53. Rc3+ Kb6 54. Kb4 Rf4+ 55. Rc4 Rf1 56. a5+ Ka6 57. Rc6+ Kb7 58. Rb6+ Ka7 59. c4 Rh1 60. Kb5 Rh5+ 61. c5 Rh1 62. Rg6 Rb1+ 63. Kc6 Rc1 64. Rg8 Rc2 65. Kd6 Rd2+ 66. Kc7 Rh2 67. c6 Rh7+ 68. Kc8 Rh5 69. c7 Rxa5 70. Rg4 Ra1 71. Kd7 Rd1+ 72. Kc6 Rc1+ 73. Kd6 Rd1+ 74. Kc6 1-0


[Site "https://www.chess.com"]

[Event "Titled Tuesday Blitz May 9 Late 2023"]
[White "ArtemDyachuk"]
[Black "Gasparyan, David"]
[BlackFideId "13311980"]
[WhiteElo "2518"]
[BlackElo "2409"]
[Result "0-1"]
[Round "07"]
[TimeControl "180+2"]
[Date "2023.05.09"]
[WhiteClock "0:01:37"]
[BlackClock "0:01:25"]

1. Nf3 d5 2. e3 Nf6 3. b3 Bg4 4. Bb2 Nc6 5. Bb5 Bxf3 6. Qxf3 Qd6 7. O-O e5 8. Bxc6+ bxc6 9. d4 e4 10. Qe2 Be7 11. c4 h5 12. Nc3 a6 13. Rac1 Ng4 14. g3 f5 15. Na4 h4 16. f4 hxg3 17. hxg3 Qh6 18. Qg2 Nxe3 19. Qe2 Nxf1 20. Rxf1 Qh1+ 21. Kf2 Rh2+ 22. Ke1 Rxe2+ 23. Kxe2 Qg2+ 24. Rf2 Qxg3 25. Bc1 Qd3+ 26. Ke1 e3 27. Re2 Bh4+ 0-1


[Site "https://www.chess.com"]

[Event "Titled Tuesday Blitz May 9 Late 2023"]
[White "Kavutskiy, Konstantin"]
[Black "Rangel, Daniel"]
[WhiteFideId "2026384"]
[BlackFideId "2124475"]
[WhiteElo "2323"]
[BlackElo "2256"]
[Result "1-0"]
[Round "07"]
[TimeControl "180+2"]
[Date "2023.05.09"]
[WhiteClock "0:00:07"]
[BlackClock "0:00:20"]

1. d4 Nf6 2. Bg5 g6 3. Bxf6 exf6 4. c4 Bg7 5. Nc3 O-O 6. g3 d6 7. Bg2 c6 8. e3 h5 9. h4 Bg4 10. Nge2 Bxe2 11. Qxe2 f5 12. O-O Nd7 13. b4 Nf6 14. b5 Rc8 15. Rab1 Ng4 16. a4 Re8 17. Qd3 Bh6 18. Rfe1 Rc7 19. Re2 Qf6 20. a5 Rce7 21. Rbe1 Rc7 22. a6 d5 23. cxd5 c5 24. Qc4 b6 25. Rc2 Rec8 26. d6 Qxd6 27. d5 Re7 28. Ne2 Rce8 29. Nf4 Bxf4 30. Qxf4 Qf6 31. d6 Re5 32. Rd2 Rd8 33. Red1 Qe6 34. d7 Qe7 35. Bc6 Kh7 36. Rd6 c4 37. Qg5 Qxg5 38. hxg5 c3 39. Rc1 Rc5 40. Rd3 Ne5 41. Rdxc3 Rxc3 42. Rxc3 Kg7 43. f4 Nxd7 44. Rd3 Re8 45. Bxd7 Rd8 46. Bxf5 Re8 47. Bh3 Re7 48. Kf2 Rc7 49. Rd7 Rxd7 50. Bxd7 Kf8 51. Kf3 Ke7 52. Bc6 Kd6 53. Be8 Ke7 54. Bc6 Kd6 55. Be4 Ke6 56. Bd3 f5 57. gxf6 Kxf6 58. e4 Ke6 59. e5 Kf7 60. Bc2 Kg7 61. Ke4 Kf7 62. Kd5 Ke7 63. Bxg6 h4 64. gxh4 Kf8 65. Be4 Kg7 66. f5 Kh6 67. e6 Kh5 68. Bf3+ Kxh4 69. f6 Kg3 70. f7 Kf2 71. f8=Q Ke3 72. e7 Kd2 73. e8=Q Kc3 74. Qe3+ Kb2 75. Qf6+ Kc2 76. Qf5+ Kb2 77. Qfe5+ Ka2 78. Qe2+ Kb3 79. Q5e3+ Ka4 80. Qa2+ Kxb5 81. Be2+ Kb4 82. Qeb3# 1-0


[Site "https://www.chess.com"]

[Event "Titled Tuesday Blitz May 9 Late 2023"]
[White "Arnold, Ken"]
[Black "Grinev, Valeriy"]
[WhiteFideId "2056836"]
[BlackFideId "14117517"]
[WhiteElo "2391"]
[BlackElo "2366"]
[Result "0-1"]
[Round "07"]
[TimeControl "180+2"]
[Date "2023.05.09"]
[WhiteClock "0:00:05"]
[BlackClock "0:01:35"]

1. d4 c5 2. dxc5 e6 3. Nf3 Bxc5 4. e3 Nc6 5. Be2 Nf6 6. O-O d5 7. a3 O-O 8. Nbd2 a5 9. a4 b6 10. c3 Ba6 11. Nb3 Bxe2 12. Qxe2 Be7 13. Nbd4 Nxd4 14. Nxd4 Qd7 15. Qb5 Qxb5 16. Nxb5 Rfc8 17. b3 Ne4 18. Ba3 Bxa3 19. Rxa3 Nxc3 20. Nd4 Ne4 21. f3 Nd6 22. Ra2 Rc3 23. Kf2 Rac8 24. Rb1 g5 25. Rab2 e5 26. Ne2 Rc2 27. Rxc2 Rxc2 28. Rc1 Rxc1 29. Nxc1 f6 30. Ke2 Kf7 31. Kd3 Ke6 32. Ne2 h5 33. h3 h4 34. Nc3 f5 35. Ne2 f4 36. exf4 gxf4 37. Nc3 Nf5 38. Nb5 Ne3 39. Nc7+ Kd6 40. Ne8+ Kc5 41. Ng7 Nxg2 42. Nf5 Kb4 43. Kc2 e4 44. fxe4 dxe4 45. Nd6 e3 46. Kd3 f3 47. Ne4 e2 0-1


[Site "https://www.chess.com"]

[Event "Titled Tuesday Blitz May 9 Late 2023"]
[White "Hoffmann, Asa"]
[Black "Bilan, Danila"]
[WhiteFideId "2001470"]
[BlackFideId "24161918"]
[WhiteElo "2117"]
[BlackElo "2182"]
[Result "1-0"]
[Round "07"]
[TimeControl "180+2"]
[Date "2023.05.09"]
[WhiteClock "0:01:49"]
[BlackClock "0:00:05"]

1. d4 d5 2. Bg5 Nf6 3. Nd2 Bf5 4. e3 e6 5. c4 c6 6. Qb3 Qc8 7. Rc1 Nbd7 8. Ngf3 Bd6 9. Be2 O-O 10. O-O h6 11. Bh4 Qc7 12. Bg3 Rab8 13. Bd3 Ne4 14. Bxe4 dxe4 15. Ne1 e5 16. c5 Be7 17. Nc4 Be6 18. Qc3 f6 19. Nc2 b5 20. cxb6 axb6 21. b3 Ra8 22. a4 b5 23. Nb2 exd4 24. Nxd4 Ne5 25. Nxe6 Rfc8 26. Nxc7 1-0


[Site "https://www.chess.com"]

[Event "Titled Tuesday Blitz May 9 Late 2023"]
[White "Pavlidou, Ekaterini"]
[Black "Dragomirescu, Robin-Alexandru"]
[WhiteFideId "4213262"]
[BlackFideId "1213849"]
[WhiteElo "2126"]
[BlackElo "2356"]
[Result "1-0"]
[Round "07"]
[TimeControl "180+2"]
[Date "2023.05.09"]
[WhiteClock "0:00:21"]
[BlackClock "0:00:05"]

1. d4 Nf6 2. c4 e6 3. Nc3 Bb4 4. e3 O-O 5. Nf3 d5 6. Bd2 b6 7. cxd5 Nxd5 8. e4 Nxc3 9. bxc3 Be7 10. Bd3 c5 11. O-O Bb7 12. e5 Nc6 13. Be4 Na5 14. Re1 Nc4 15. Bxb7 Rb8 16. Be4 g6 17. Bh6 Re8 18. dxc5 Bxc5 19. Qxd8 Rexd8 20. Rad1 Ba3 21. Bg5 Rdc8 22. Bf6 b5 23. Rd7 a5 24. Ng5 Rf8 25. h4 Rb6 26. h5 Bb2 27. hxg6 hxg6 28. Be7 Bxc3 29. Rc1 Nxe5 30. Rc7 b4 31. Bxf8 Kxf8 32. R7xc3 bxc3 33. Rxc3 f5 34. Bc2 Ng4 35. f3 Nf6 36. Bb3 e5 37. Rc5 a4 38. Bxa4 Rb2 39. Rc2 Rb1+ 40. Kf2 Nh5 41. Rc7 Nf4 42. Bb3 Rb2+ 43. Rc2 Nd3+ 44. Ke3 Rxc2 45. Bxc2 Ne1 46. Bb3 Nxg2+ 47. Kf2 Nf4 48. Ne6+ Nxe6 49. Bxe6 Ke7 50. Bd5 g5 51. Ke3 Kd6 52. Bf7 g4 53. fxg4 fxg4 54. Ke4 Kc5 55. Be6 g3 56. Kf3 Kd6 57. Bb3 e4+ 58. Kxg3 Kc5 59. Kf2 Kd4 60. Ke2 e3 61. Ke1 Kd3 62. Kd1 Kd4 63. Ke2 Ke4 64. Bf7 Kd4 65. Bg6 Kc3 66. Kxe3 Kb4 67. Bf7 Ka3 68. Kd4 1-0


[Site "https://www.chess.com"]

[Event "Titled Tuesday Blitz May 9 Late 2023"]
[White "Tifferet, Shaked"]
[Black "Sarkar, Justin"]
[WhiteFideId "2811529"]
[BlackFideId "2010011"]
[WhiteElo "2142"]
[BlackElo "2168"]
[Result "0-1"]
[Round "07"]
[TimeControl "180+2"]
[Date "2023.05.09"]
[WhiteClock "0:00:20"]
[BlackClock "0:00:17"]

1. d4 Nf6 2. Nf3 d5 3. Bf4 c5 4. e3 Nc6 5. Nc3 cxd4 6. exd4 Bg4 7. Be2 e6 8. Ne5 Bxe2 9. Nxe2 Nxe5 10. Bxe5 Nd7 11. Bg3 Qb6 12. O-O Qxb2 13. Rb1 Qxa2 14. Rxb7 Qa6 15. Rb3 Bd6 16. Qa1 Qc6 17. Bxd6 Qxd6 18. Rb7 O-O 19. Rxa7 Rxa7 20. Qxa7 Rc8 21. c3 Qc6 22. h4 Ra8 23. Qxa8+ Qxa8 24. Rb1 h5 25. Nf4 Nf6 26. f3 Qa3 27. Rb8+ Kh7 28. Ne2 Nd7 29. Rc8 Nb6 30. Rc7 f6 31. Kh2 Nc4 32. Nf4 Qxc3 33. Nxe6 Qe1 34. Nxg7 Qxh4+ 35. Kg1 Qxd4+ 36. Kh1 Kg6 37. Ne6 Qh4+ 38. Kg1 Qe1+ 39. Kh2 Qxe6 40. g4 Qd6+ 41. Kh3 hxg4+ 42. fxg4 Qxc7 43. g5 fxg5 44. Kg4 Ne3+ 45. Kf3 Qf4+ 46. Ke2 Qe4 47. Kf2 d4 48. Kg3 Qg2# 0-1


[Site "https://www.chess.com"]

[Event "Titled Tuesday Blitz May 9 Late 2023"]
[White "Souza, Adwilhans Luciano"]
[Black "Guz, Ari"]
[WhiteFideId "2101793"]
[BlackFideId "2825759"]
[WhiteElo "2288"]
[BlackElo "2205"]
[Result "0-1"]
[Round "07"]
[TimeControl "180+2"]
[Date "2023.05.09"]
[WhiteClock "0:00:00"]
[BlackClock "0:00:53"]

1. e4 Nf6 2. e5 Nd5 3. d4 d6 4. Nf3 Bg4 5. Be2 e6 6. O-O Nc6 7. exd6 Bxd6 8. c4 Nf6 9. h3 Bh5 10. Be3 O-O 11. Nc3 a6 12. Qd2 Bb4 13. Qc2 Bxf3 14. Bxf3 Nxd4 15. Bxd4 Qxd4 16. Bxb7 Ra7 17. Ne2 Qe5 18. Bf3 Rb8 19. g3 Bc5 20. b3 h5 21. Rfe1 h4 22. g4 Bd6 23. Bg2 Qh2+ 24. Kf1 c5 25. Rad1 Rd8 26. Nc3 Rad7 27. Ne4 Nxe4 28. Qxe4 Bf4 29. Qe2 Rd2 30. Rxd2 Rxd2 31. Qf3 Rxa2 32. Rd1 g5 33. Qb7 Be5 34. Rd8+ Kg7 35. Qe7 Qf4 36. Qf8+ Kg6 37. Qg8+ Bg7 0-1


[Site "https://www.chess.com"]

[Event "Titled Tuesday Blitz May 9 Late 2023"]
[White "Karas, Marek"]
[Black "Martinez, Shawn"]
[WhiteFideId "14928558"]
[BlackFideId "2039770"]
[WhiteElo "2233"]
[BlackElo "2174"]
[Result "0-1"]
[Round "07"]
[TimeControl "180+2"]
[Date "2023.05.09"]
[WhiteClock "0:00:00"]
[BlackClock "0:00:28"]

1. e3 c5 2. Nf3 e6 3. b3 d5 4. Bb2 Nf6 5. Bb5+ Bd7 6. Qe2 Nc6 7. O-O Bd6 8. Bxc6 Bxc6 9. Ne5 Qc7 10. f4 O-O 11. Ng4 Nd7 12. Nh6+ Kh8 13. Qg4 Nf6 14. Qh4 Qe7 15. Ng4 Nxg4 16. Qxg4 f6 17. Rf3 d4 18. Rh3 e5 19. f5 dxe3 20. dxe3 c4 21. Qxc4 Bc5 22. Nc3 Rad8 23. Qh4 h6 24. Ne4 Bb6 25. Rf1 Qf7 26. Ba3 Rfe8 27. Nd6 Rxd6 28. Bxd6 Qd5 29. Rff3 Qxd6 30. Rfg3 Qd1+ 31. Kf2 Qd2+ 32. Kf1 Qd1+ 33. Kf2 Qxc2+ 34. Kg1 Qd1+ 35. Kf2 Qd2+ 36. Kf1 Bb5+ 0-1


[Site "https://www.chess.com"]

[Event "Titled Tuesday Blitz May 9 Late 2023"]
[White "Rodriguez Santiago, Jaime"]
[Black "Jonkman, Harmen"]
[WhiteFideId "3100898"]
[BlackFideId "1002708"]
[WhiteElo "2025"]
[BlackElo "2368"]
[Result "0-1"]
[Round "07"]
[TimeControl "180+2"]
[Date "2023.05.09"]
[WhiteClock "0:00:55"]
[BlackClock "0:00:08"]

1. c4 Nf6 2. Nc3 e6 3. e4 d5 4. e5 Nfd7 5. d4 dxc4 6. Bxc4 Nb6 7. Bb3 c5 8. Nf3 cxd4 9. Qxd4 Qxd4 10. Nxd4 a6 11. Be3 N6d7 12. f4 b5 13. Rc1 Bb7 14. Kf2 Bc5 15. a4 b4 16. Nb1 Ke7 17. Nd2 Rc8 18. Nc4 Bd5 19. Rhd1 Nc6 20. Nxc6+ Rxc6 21. Bxc5+ Rxc5 22. Ne3 Bxb3 23. Rxd7+ Kxd7 24. Rxc5 Bxa4 25. Rc4 a5 26. Rd4+ Kc6 27. Rd6+ Kc5 28. Ke2 Bb5+ 29. Kd2 a4 30. Kc2 a3 31. bxa3 Rxa3 32. Nd1 Ba4+ 33. Kb2 Rb3+ 34. Ka2 Ra3+ 35. Kb2 Bxd1 36. Rxd1 Re3 37. Rd2 b3 38. g3 Kc4 39. Rg2 h5 40. Rd2 g6 41. Rg2 Rf3 42. Rd2 h4 43. Rd7 Rf2+ 44. Kb1 Rxh2 45. gxh4 Kc3 46. Rc7+ Kd3 47. Rxf7 Rxh4 48. Rf6 Kc3 49. Rxe6 Rh1# 0-1


[Site "https://www.chess.com"]

[Event "Titled Tuesday Blitz May 9 Late 2023"]
[White "Jovic, Stanoje"]
[Black "Roman, Rodrigo"]
[WhiteFideId "905020"]
[BlackFideId "3701220"]
[WhiteElo "2236"]
[BlackElo "1995"]
[Result "0-1"]
[Round "07"]
[TimeControl "180+2"]
[Date "2023.05.09"]
[WhiteClock "0:00:03"]
[BlackClock "0:00:02"]

1. c4 c5 2. g3 Nc6 3. Bg2 g6 4. Nc3 Bg7 5. Nf3 e5 6. O-O d6 7. Ne1 Be6 8. Qa4 Ne7 9. Nc2 Bd7 10. Ne3 O-O 11. a3 Nd4 12. Qd1 Rb8 13. Ned5 b5 14. e3 Ne6 15. d3 Nxd5 16. Nxd5 Nc7 17. h4 Nxd5 18. Bxd5 a5 19. Kg2 h5 20. e4 Kh7 21. f3 a4 22. b3 axb3 23. Qxb3 bxc4 24. Qxc4 f5 25. a4 f4 26. a5 fxg3 27. Bg5 Rb2+ 28. Kxg3 Qxg5+ 29. hxg5 h4+ 30. Kxh4 Rg2 31. Bf7 Bf6 32. f4 exf4 33. Bg8+ Kg7 34. gxf6+ Kh6 35. Qd5 Rh2# 0-1


[Site "https://www.chess.com"]

[Event "Titled Tuesday Blitz May 9 Late 2023"]
[White "6PackPlayer"]
[Black "Bambino Filho, Antonio Carlos"]
[BlackFideId "2113163"]
[WhiteElo "2268"]
[BlackElo "2500"]
[Result "1-0"]
[Round "07"]
[TimeControl "180+2"]
[Date "2023.05.09"]
[WhiteClock "0:01:43"]
[BlackClock "0:01:49"]

1. e4 c5 2. Nf3 e6 3. d4 cxd4 4. Nxd4 a6 5. Nc3 Qc7 6. f4 Bb4 7. Bd2 Bxc3 8. bxc3 Nf6 9. Bd3 d5 10. e5 Ne4 11. Bxe4 dxe4 12. Qe2 b5 13. a4 bxa4 14. Rxa4 Bb7 15. O-O O-O 16. Rc4 Qd7 17. Be3 Bd5 18. Rc5 Qe7 19. Rxd5 exd5 20. Qg4 Qe6 21. Nxe6 1-0


[Site "https://www.chess.com"]

[Event "Titled Tuesday Blitz May 9 Late 2023"]
[White "Joubert, Dantelle"]
[Black "cristianserban1"]
[WhiteFideId "14310813"]
[WhiteElo "1507"]
[BlackElo "2499"]
[Result "0-1"]
[Round "07"]
[TimeControl "180+2"]
[Date "2023.05.09"]
[WhiteClock "0:00:01"]
[BlackClock "0:00:08"]

1. d4 g6 2. e4 Bg7 3. Nc3 a6 4. Be3 c6 5. Qd2 d5 6. e5 h5 7. O-O-O Nh6 8. h3 Nf5 9. Bg5 Bh6 10. Nf3 Bxg5 11. Nxg5 Ng7 12. Bd3 e6 13. g4 h4 14. f4 c5 15. dxc5 Nc6 16. Rhf1 Qe7 17. Qf2 Nxe5 18. fxe5 Qxg5+ 19. Kb1 O-O 20. Rde1 Bd7 21. Ne2 Rac8 22. Nd4 Qe7 23. Nf3 Rxc5 24. Nxh4 Bb5 25. Bxb5 Rxb5 26. Nf3 Rc8 27. h4 Rbc5 28. Re2 Rc4 29. Rg1 Qc5 30. Qg2 d4 31. a3 Rc6 32. h5 Rb6 33. hxg6 Qxa3 34. gxf7+ Kf8 35. b3 Ra4 36. c4 Qa1+ 37. Kc2 Qc3+ 38. Kd1 Ra1# 0-1


[Site "https://www.chess.com"]

[Event "Titled Tuesday Blitz May 9 Late 2023"]
[White "Taboas Rodriguez, Daniel"]
[Black "rikchessmx"]
[WhiteFideId "2208466"]
[WhiteElo "2365"]
[BlackElo "2212"]
[Result "1-0"]
[Round "07"]
[TimeControl "180+2"]
[Date "2023.05.09"]
[WhiteClock "0:01:37"]
[BlackClock "0:01:55"]

1. d4 Nf6 2. Nf3 e6 3. c4 c5 4. e3 d5 5. cxd5 exd5 6. Nc3 c4 7. b3 Bb4 8. Bd2 Bxc3 9. Bxc3 b5 10. bxc4 bxc4 11. Qa4+ Nbd7 12. Bb4 a5 13. Ba3 Qc7 14. Be2 Bb7 15. O-O Bc6 16. Qc2 Ne4 17. Rab1 f5 18. Ne5 Nxe5 19. dxe5 Qxe5 20. Rb6 Qc7 21. Rfb1 Kf7 22. f3 Nd6 23. Bxd6 Qxd6 24. Qxf5+ Ke7 25. Qg5+ Kd7 26. Qxg7+ Ke6 27. f4 h5 28. Bxh5 Qc5 29. Bg4+ Kd6 30. Qe5# 1-0


[Site "https://www.chess.com"]